 Dungeon Crawl Stone Soup version 0.29.0-4-gdea44cf6ec (webtiles) character file.

Game seed: 11424737115660951464

193598 qw the Peltast (level 18, -11/264 HPs)
             Began as a Minotaur Berserker on Sept 9, 2022.
             Was an Elder of Trog.
             Hit by a javelin thrown by a merfolk javelineer (14 damage)
             ... on level 4 of the Shoals.
             The game lasted 00:14:07 (36469 turns).

qw the Peltast (Minotaur Berserker)                Turns: 36469, Time: 00:14:07

Health: -11/264    AC: 31    Str: 37    XL:     18   Next: 7%
Magic:  0/17       EV: 12    Int:  4    God:    Trog [****..]
Gold:   1002       SH: 21    Dex: 12    Spells: 17/17 levels left

rFire   + + .      SeeInvis +   u - +0 broad axe
rCold   + . .      Faith    .   h - +0 tower shield
rNeg    . . .      Spirit   +   y - +1 chain mail of Hubris {rF++ Str+3 SInv Stlth-}
rPois   .          Reflect  .   r - +2 hat
rElec   .          Harm     .   c - +1 cloak
rCorr   .          Rampage  +   s - +2 pair of gloves
Will    ++...                   w - +3 pair of boots of the Land of Plenty {Rampage rC+ Regen+ Slay-2}
Stlth   ..........              j - amulet of guardian spirit
HPRegen 1.34/turn               A - ring "Mianen" {Will+ Str+6}
MPRegen 0.15/turn               b - +4 ring of protection

@: berserking (expiring), quick
A: horns 2, retaliatory headbutt
a: Renounce Religion, Berserk, Trog's Hand, Brothers in Arms


You were on level 4 of the Shoals.
You worshipped Trog.
Trog was greatly pleased with you.
You visited 5 branches of the dungeon, and saw 29 of its levels.

You collected 2925 gold pieces.
You spent 1923 gold pieces at shops.


Innate Abilities, Weirdness & Mutations

You have a pair of horns on your head.
You reflexively headbutt those who attack you in melee.


   Skills:
 + Level 19.3 Fighting
 - Level 18.0 Axes
 - Level 9.0 Throwing
 - Level 15.0 Armour
 - Level 10.0 Dodging
 - Level 20.3 Shields


You had 17 spell levels left.
You didn't know any spells.
Your spell library was empty.

Inventory:

Hand Weapons
 u - a +0 broad axe (weapon)
Missiles
 n - 3 javelins (quivered)
 p - 35 boomerangs
Armour
 c - a +1 cloak (worn)
 e - the +1 pair of boots "Gonikibo" {-Cast rElec Will+}
   (You acquired it on level 4 of the Lair of Beasts)

   rElec:     It insulates you from electricity.
   -Cast:     It prevents spellcasting.
   Will:      It increases your willpower.
 h - a +0 tower shield (worn)
 m - a +1 plate armour
 q - the +15 Maxwell's patent armour {-Cast -Tele rElec Will+ rCorr}
   (You bought it in a shop on level 2 of the Orcish Mines)

   rElec:     It insulates you from electricity.
   -Cast:     It prevents spellcasting.
   -Tele:     It prevents most forms of teleportation.
   rCorr:     It protects you from acid and corrosion.
   Will:      It increases your willpower.
 r - a +2 hat (worn)
 s - a +2 pair of gloves (worn)
 w - the +3 pair of boots of the Land of Plenty (worn) {Rampage rC+ Regen+ Slay-2}
   (You found it on level 1 of the Lair of Beasts)

   Slay:      It affects your accuracy & damage with ranged weapons and melee
   (-2).
   rC:        It protects you from cold.
   Regen:     It increases your rate of health regeneration.
   Rampage:   It bestows one free step when moving towards enemies.
 y - the +1 chain mail of Hubris (worn) {rF++ Str+3 SInv Stlth-}
   (You found it on level 14 of the Dungeon)

   Str:       It affects your strength (+3).
   rF:        It greatly protects you from fire.
   SInv:      It lets you see invisible.
   Stlth:     It makes you less stealthy.
 z - a +0 plate armour of cold resistance
Jewellery
 b - a +4 ring of protection (right hand)
 j - an amulet of guardian spirit (around neck)
 A - the ring "Mianen" (left hand) {Will+ Str+6}
   (You found it on level 14 of the Dungeon)

   [ring of strength]

   Str:       It affects your strength (+6).
   Will:      It increases your willpower.
 Y - a +4 ring of evasion
Scrolls
 g - a scroll of identify
 k - 2 scrolls of teleportation
Potions
 a - 5 potions of mutation
 d - 6 potions of haste
 i - 16 potions of curing
 l - 3 potions of might
 o - a potion of resistance

Dungeon Overview and Level Annotations

Branches:
Dungeon (15/15) Temple (0/1) D:7 Lair (5/5) D:10 Shoals (4/4) Lair:2 Spider (3/4) Lair:2 Slime (0/5) Lair:4 Orc (2/2) D:9 Elf (0/3) Orc:2 Vaults (0/5) D:13 D:14 Depths (0/4) D:15

Altars:
Dithmenos
Qazlal
Trog
Uskayaw
Xom
The Shining One
Jiyva

Shops:
Orc:2 [*![   Shoals:3 (

Portals:
Trove: D:10 (give 2 scrolls of acquirement)

Annotations:
D:3 2 runed translucent doors
Lair:1 1 runed translucent door
Spider:1 3 runed translucent doors, qw's ghost, adept MiBe


Message History

You kill the sea snake!
Trog accepts your kill. You block the merfolk impaler's attack.
The merfolk javelineer throws a silver javelin.
The silver javelin pierces through you.
You barely miss the water elemental. You headbutt the water elemental.
The water elemental is lightly damaged.
You block the merfolk impaler's attack. You block the water elemental's attack.
Your unstable footing causes you to fumble your attack.
You block the merfolk impaler's attack.
The merfolk javelineer throws a silver javelin.
The silver javelin pierces through you.
The merfolk javelineer closely misses you.
Your unstable footing causes you to fumble your attack.
You block the water elemental's attack. You block the merfolk impaler's attack.
You slice the water elemental!!
The water elemental is heavily damaged.
The merfolk javelineer throws a silver javelin.
The silver javelin pierces through you!
The merfolk hits you from afar with a +0 trident.
You block the merfolk impaler's attack.
The merfolk javelineer hits you but does no damage.
You hit the water elemental.
You headbutt the water elemental, but do no damage.
The water elemental is heavily damaged.
You block the water elemental's attack.
The merfolk impaler hits you but does no damage.
You hit the water elemental but do no damage.
You headbutt the water elemental!!
You destroy the water elemental!
Trog accepts your kill.
The merfolk javelineer throws a silver javelin.
The silver javelin pierces through you!
The merfolk javelineer throws a javelin.
The javelin closely misses you. You block the merfolk's attack.
The merfolk impaler hits you from afar with a +0 antimagic trident!
You block the merfolk impaler's attack.
The merfolk javelineer throws a javelin.
The javelin pierces through you!
You die...

# #.#~ ~ .#
#. #..~ ~#.#
#..#.~~#~~.#
P.
#..#.~~.#~.#
# #"..
#....~~..~.+
#. #..:
#....~~~~~m+
#. ..:
#.%#..~.#
#.. [..
#.~~#~~.#
#mm##~~
#.)@.~#.#
#.m?#D~
#mm~~m~.#
#....E~
#[.~~~..#
##....~
#.[~~~..#
#~~##~
#..#~...#
.~~~~~~~ #..
#...#
#P.....~~
#8. ..8#
#....#~~#
### ####
......~~~
#########


You could see a merfolk impaler, 2 merfolk javelineers and a merfolk.

Vanquished Creatures
  Mara (Shoals:4)
  Rupert (D:13)
  A kraken (Shoals:2)
  Kirke (D:15)
  Agnes (Spider:3)
  2 ghost moths (Spider:2)
  2 entropy weavers
  A spark wasp (Spider:3)
  2 merfolk javelineers (Shoals:3)
  Snorg (D:12)
  A merfolk impaler (Shoals:2)
  Josephine (Shoals:1)
  Harold (D:10)
  A fire dragon (D:14)
  Fannar (D:11)
  7 boulder beetles
  An ogre mage (D:15)
  8 centaur warriors
  A jorogumo (Spider:3)
  A catoblepas (Lair:3)
  7 hydras
  An alligator snapping turtle (Shoals:3)
  2 radroaches (Spider:2)
  6 two-headed ogres
  A satyr (Shoals:3)
  7 orc high priests (Orc:2)
  10 death yaks (Lair:5)
  Urug (Lair:5)
  4 pharaoh ants
  7 sea snakes
  3 sun moths
  2 steelbarb worms
  2 orb spiders (Spider:2)
  17 harpies
  Pikel (D:5)
  3 deep elf pyromancers
  An orc knight (Orc:2)
  7 ugly things (D:15)
  18 wolf spiders
  8 cyclopes
  2 orc sorcerers (Orc:2)
  9 manticores
  A moth of wrath (Spider:2)
  14 fauns
  A salamander (D:15)
  6 black mambas
  A guardian serpent (Lair:5)
  6 merfolk sirens
  2 water nymphs
  3 torpor snails
  A gargoyle (D:12)
  3 demonic crawlers
  12 cane toads
  9 komodo dragons
  A freezing wraith (D:14)
  A yaktaur (D:15)
  13 polar bears (Lair:5)
  13 trolls
  2 hornets (Lair:5)
  21 merfolk
  A blink frog (shapeshifter) (D:15)
  12 meliai
  9 blink frogs
  9 dream sheep
  Grinder (D:5)
  19 tarantellas
  A raiju (Lair:5)
  13 slime creatures
  3 wind drakes
  12 jumping spiders
  12 culicivoras
  6 snapping turtles
  A centaur simulacrum (D:15)
  6 water elementals
  2 vampires
  52 yaks
  3 air elementals (Shoals:4)
  11 wyverns
  8 wraiths
  2 hogs (D:15)
  A steam dragon (D:8)
  A fire elemental (D:14)
  16 humans (D:13)
  7 vampire mosquitoes (D:13)
  2 basilisks
  31 redbacks
  Menkaure (D:6)
  10 wargs
  Duvessa (D:5)
  16 hell hounds (Lair:5)
  22 water moccasins
  16 orc warriors
  3 ice beasts
  11 ogres
  13 black bears
  3 sky beasts
  22 wolves
  2 lemures (D:5)
  3 centaurs (D:13)
  3 kobold brigands
  7 bullfrogs
  3 necrophages
  2 gnoll sergeants
  6 scorpions
  Dowan (D:5)
  11 killer bees
  2 howler monkeys
  An electric eel (Lair:3)
  7 hounds
  11 jellies
  37 orc priests
  4 gnoll boudas
  7 iguanas
  Natasha (twice) (D:2)
  13 orc wizards
  25 gnolls
  5 adders
  3 shadow imps
  2 white imps (D:8)
  An ufetubus (D:5)
  3 worms
  A dart slug (D:1)
  80 orcs
  8 endoplasms
  5 giant cockroaches
  9 goblins
  7 hobgoblins
  4 jackals (D:1)
  A quokka (D:1)
  8 ball pythons
  7 bats
  5 frilled lizards
  19 kobolds
  11 rats
  3 tentacles (Shoals:2)
953 creatures vanquished.

Vanquished Creatures (collateral kills)
  Frances (D:12)
  Azrael (D:14)
  2 merfolk impalers
  A boulder beetle (D:13)
  3 merfolk avatars
  A sea snake (Shoals:2)
  2 orb spiders (Spider:1)
  An orc knight (D:13)
  3 wolf spiders
  4 fauns (Shoals:2)
  A manticore (Shoals:2)
  A slime creature (D:15)
  A water nymph (shapeshifter) (D:15)
  A demonic crawler (Spider:1)
  3 merfolk
  A tarantella (Spider:3)
  A water elemental (Shoals:4)
  A fire elemental (D:14)
  3 hell hounds (D:14)
  An orc warrior (D:12)
  An orc priest (D:12)
34 creatures vanquished.

Vanquished Creatures (others)
  58 fungi
  110 plants
  4 tentacles (Shoals:2)
  6 toadstools (Lair:1)
178 creatures vanquished.

Grand Total: 1165 creatures vanquished

Notes
Turn   | Place    | Note
-------+----------+-------------------------------------------
     0 | D:1      | qw the Minotaur Berserker began the quest for the Orb.
     0 | D:1      | Reached XP level 1. HP: 19/19 MP: 0/0
     0 | D:1      | 0 ||| qw: Version: 0.1-a-113-g051387a
     0 | D:1      | 0 ||| qw: Game counter: 7130
     0 | D:1      | 0 ||| qw: Always use a shield: true
     0 | D:1      | 0 ||| qw: Do Orc after D:15 true
     0 | D:1      | 0 ||| qw: Do second Lair branch before Depths: true
     0 | D:1      | 0 ||| qw: Lair rune preference: random
     0 | D:1      | 0 ||| qw: Plans: Normal
     0 | D:1      | 0 ||| PLANNING D:1-11
   241 | D:1      | 241 ||| Stepping ~*~*~tactically~*~*~ (stealth).
   242 | D:1      | 242 ||| Stepping ~*~*~tactically~*~*~ (stealth).
   245 | D:1      | Reached XP level 2. HP: 26/26 MP: 1/1
   408 | D:1      | Found a faded altar of an unknown god.
   432 | D:1      | 432 ||| Stepping ~*~*~tactically~*~*~ (stealth).
   434 | D:1      | 434 ||| Stepping ~*~*~tactically~*~*~ (stealth).
   437 | D:1      | 437 ||| Stepping ~*~*~tactically~*~*~ (stealth).
   464 | D:1      | 464 ||| Stepping ~*~*~tactically~*~*~ (stealth).
   618 | D:1      | Reached XP level 3. HP: 31/31 MP: 2/2
   671 | D:1      | Reached ** piety under Trog
   744 | D:1      | 744 ||| UPGRADING to +0 buckler.
   749 | D:1      | 749 ||| UPGRADING to ring of positive energy.
   750 | D:1      | 750 ||| READING 2 scrolls labelled COM TUYHEU.
   751 | D:1      | 751 ||| READING 2 scrolls labelled ODEIHO YPUKATH.
   752 | D:1      | 752 ||| READING scroll labelled ATASHU UMESHRE.
   753 | D:1      | 753 ||| READING 3 scrolls labelled RACEOR UDWAT.
   754 | D:1      | 754 ||| READING scroll labelled ONOOGG RUCSA.
   755 | D:1      | 755 ||| DROPPING 2 scrolls of blinking.
   756 | D:1      | 756 ||| Stepping randomly (stuck).
   757 | D:1      | 757 ||| Stepping ~*~*~tactically~*~*~ (cloud).
   764 | D:1      | HP: 7/31 [poisoned by you (poison gas)]
  1081 | D:2      | 1081 ||| Stepping ~*~*~tactically~*~*~ (stealth).
  1094 | D:2      | 1094 ||| Stepping ~*~*~tactically~*~*~ (stealth).
  1096 | D:2      | 1096 ||| Stepping ~*~*~tactically~*~*~ (stealth).
  1112 | D:2      | 1112 ||| Stepping ~*~*~tactically~*~*~ (stealth).
  1113 | D:2      | 1113 ||| Stepping ~*~*~tactically~*~*~ (stealth).
  1115 | D:2      | 1115 ||| INVOKING Berserk.
  1253 | D:2      | 1253 ||| Stepping ~*~*~tactically~*~*~ (stealth).
  1262 | D:2      | Reached skill level 1 in Shields
  1587 | D:2      | Noticed Natasha
  1590 | D:2      | 1590 ||| INVOKING Berserk.
  1592 | D:2      | Killed Natasha
  1593 | D:2      | Reached XP level 4. HP: 39/39 MP: 3/3
  1720 | D:2      | 1720 ||| Stepping ~*~*~tactically~*~*~ (hiding).
  1722 | D:2      | 1722 ||| Stepping ~*~*~tactically~*~*~ (hiding).
  1723 | D:2      | 1723 ||| Stepping ~*~*~tactically~*~*~ (hiding).
  1724 | D:2      | 1724 ||| Stepping ~*~*~tactically~*~*~ (hiding).
  1811 | D:2      | Noticed Natasha
  1812 | D:2      | 1812 ||| Stepping ~*~*~tactically~*~*~ (stealth).
  1816 | D:2      | 1816 ||| INVOKING Berserk.
  1818 | D:2      | Killed Natasha
  1819 | D:2      | Reached skill level 6 in Axes
  2095 | D:2      | 2095 ||| UPGRADING to +0 plate armour.
  2105 | D:2      | 2105 ||| DROPPING +0 animal skin.
  2106 | D:2      | 2106 ||| READING scroll of enchant armour.
  2106 | D:2      | 2106 ||| ENCHANTING +0 plate armour.
  2107 | D:2      | 2107 ||| UPGRADING to amulet of guardian spirit.
  2112 | D:2      | 2112 ||| READING 2 scrolls labelled ZYRCHI CUNE.
  2113 | D:2      | 2113 ||| READING scroll labelled WIED SUEBRERUUZAO.
  2116 | D:2      | 2116 ||| READING scroll labelled YRUNO FIDOTO.
  2117 | D:2      | 2117 ||| DRINKING 2 fizzy golden potions.
  2118 | D:2      | 2118 ||| READING 2 scrolls of identify.
  2118 | D:2      | 2118 ||| IDENTIFYING golden potion
  2119 | D:2      | 2119 ||| DROPPING scroll of vulnerability.
  2120 | D:2      | 2120 ||| DROPPING potion of attraction.
  2226 | D:3      | Found a large runed translucent door.
  2226 | D:3      | Found a large runed translucent door.
  2237 | D:3      | Found a shimmering altar of Xom.
  2512 | D:3      | Reached skill level 2 in Shields
  3057 | D:3      | 3057 ||| UPGRADING to +0 cloak.
  3062 | D:3      | 3062 ||| UPGRADING to +0 tower shield.
  3072 | D:3      | 3072 ||| DROPPING +0 buckler.
  3105 | D:4      | Reached XP level 5. HP: 45/45 MP: 4/4
  3134 | D:4      | Reached skill level 4 in Shields
  3201 | D:4      | 3201 ||| Stepping ~*~*~tactically~*~*~ (stealth).
  3205 | D:4      | 3205 ||| Stepping ~*~*~tactically~*~*~ (stealth).
  3340 | D:4      | 3340 ||| Stepping ~*~*~tactically~*~*~ (stealth).
  3342 | D:4      | 3342 ||| INVOKING Berserk.
  3351 | D:4      | Reached XP level 6. HP: 51/51 MP: 5/5
  3353 | D:4      | Reached skill level 5 in Shields
  3357 | D:4      | HP: 11/51 [gnoll/+0 spear[a gnoll bouda] (4)]
  3357 | D:4      | HP: 5/51 [iguana (6)]
  3358 | D:4      | 3358 ||| READING scroll of teleportation.
  3469 | D:4      | 3469 ||| INVOKING Berserk.
  3910 | D:4      | 3910 ||| INVOKING Berserk.
  3914 | D:4      | Reached skill level 6 in Shields
  4004 | D:4      | 4004 ||| Stepping ~*~*~tactically~*~*~ (stealth).
  4005 | D:4      | 4005 ||| Stepping ~*~*~tactically~*~*~ (stealth).
  4007 | D:4      | 4007 ||| Stepping ~*~*~tactically~*~*~ (stealth).
  4008 | D:4      | 4008 ||| Stepping ~*~*~tactically~*~*~ (stealth).
  4009 | D:4      | 4009 ||| Stepping ~*~*~tactically~*~*~ (stealth).
  4012 | D:4      | 4012 ||| INVOKING Berserk.
  4203 | D:4      | 4203 ||| DROPPING +0 mace.
  4211 | D:4      | 4211 ||| INVOKING Berserk.
  4221 | D:4      | Reached XP level 7. HP: 57/57 MP: 4/6
  4226 | D:4      | Reached skill level 7 in Shields
  4489 | D:4      | 4489 ||| Stepping ~*~*~tactically~*~*~ (hiding).
  4490 | D:4      | 4490 ||| Stepping ~*~*~tactically~*~*~ (hiding).
  4491 | D:4      | 4491 ||| Stepping ~*~*~tactically~*~*~ (hiding).
  4519 | D:4      | 4519 ||| INVOKING Berserk.
  4626 | D:4      | 4626 ||| READING scroll of enchant armour.
  4626 | D:4      | 4626 ||| ENCHANTING +0 cloak.
  4738 | D:4      | 4738 ||| Stepping ~*~*~tactically~*~*~ (hiding).
  5041 | D:4      | 5041 ||| READING scroll labelled OFOUP RILIUNN.
  5042 | D:4      | 5042 ||| READING scroll labelled EQI XA SUEGETUDI.
  5043 | D:4      | 5043 ||| READING 2 scrolls of identify.
  5043 | D:4      | 5043 ||| IDENTIFYING pink potion
  5044 | D:4      | 5044 ||| DROPPING potion of flight.
  5062 | D:5      | Entered Level 5 of the Dungeon
  5063 | D:5      | Identified the +8 sling of Untimely Demise {flame, Fly
                  | Will+}
  5197 | D:5      | 5197 ||| Stepping ~*~*~tactically~*~*~ (stealth).
  5232 | D:5      | Noticed Grinder
  5233 | D:5      | 5233 ||| INVOKING Trog's Hand.
  5235 | D:5      | 5235 ||| INVOKING Berserk.
  5247 | D:5      | Killed Grinder
  5248 | D:5      | Reached skill level 8 in Shields
  5383 | D:5      | Noticed Duvessa
  5384 | D:5      | Noticed Dowan
  5385 | D:5      | 5385 ||| Stepping ~*~*~tactically~*~*~ (stealth).
  5387 | D:5      | 5387 ||| INVOKING Berserk.
  5392 | D:5      | Killed Duvessa
  5394 | D:5      | Killed Dowan
  5395 | D:5      | Reached skill level 3 in Armour
  5395 | D:5      | Reached XP level 8. HP: 64/64 MP: 5/7
  5554 | D:5      | 5554 ||| INVOKING Berserk.
  5556 | D:5      | Reached skill level 9 in Shields
  5689 | D:5      | 5689 ||| Stepping ~*~*~tactically~*~*~ (hiding).
  5690 | D:5      | 5690 ||| Stepping ~*~*~tactically~*~*~ (hiding).
  5939 | D:5      | Noticed Pikel
  5945 | D:5      | 5945 ||| INVOKING Berserk.
  5954 | D:5      | Killed Pikel
  5955 | D:5      | Reached skill level 9 in Axes
  6130 | D:5      | 6130 ||| SWAPPING to +0 war axe.
  6131 | D:5      | 6131 ||| DROPPING +1 hand axe.
  6141 | D:5      | Reached *** piety under Trog
  6242 | D:5      | 6242 ||| Stepping ~*~*~tactically~*~*~ (stealth).
  6243 | D:5      | 6243 ||| Stepping ~*~*~tactically~*~*~ (stealth).
  6244 | D:5      | 6244 ||| Stepping ~*~*~tactically~*~*~ (stealth).
  6347 | D:5      | 6347 ||| Stepping ~*~*~tactically~*~*~ (stealth).
  6463 | D:5      | 6463 ||| Stepping ~*~*~tactically~*~*~ (stealth).
  6490 | D:5      | 6490 ||| SWAPPING to +2 war axe of venom.
  6491 | D:5      | 6491 ||| DROPPING +0 war axe.
  6509 | D:5      | 6509 ||| Stepping ~*~*~tactically~*~*~ (stealth).
  6586 | D:5      | 6586 ||| Stepping ~*~*~tactically~*~*~ (stealth).
  6923 | D:5      | 6923 ||| READING scroll labelled TOBLAZ WACIS.
  6924 | D:5      | 6924 ||| READING 4 scrolls of identify.
  6924 | D:5      | 6924 ||| IDENTIFYING silvery potion
  6925 | D:5      | 6925 ||| READING 3 scrolls of identify.
  6925 | D:5      | 6925 ||| IDENTIFYING ruby potion
  6926 | D:5      | 6926 ||| READING 2 scrolls of identify.
  6926 | D:5      | 6926 ||| IDENTIFYING bubbling silvery potion
  6927 | D:5      | 6927 ||| DROPPING potion of ambrosia.
  6928 | D:5      | 6928 ||| DROPPING potion of magic.
  6976 | D:6      | Reached skill level 10 in Shields
  7052 | D:6      | 7052 ||| Stepping ~*~*~tactically~*~*~ (stealth).
  7061 | D:6      | Reached XP level 9. HP: 59/71 MP: 8/8
  7062 | D:6      | 7062 ||| INVOKING Berserk.
  7194 | D:6      | 7194 ||| INVOKING Berserk.
  7398 | D:6      | Found a bloodstained altar of Trog.
  7525 | D:6      | 7525 ||| Stepping ~*~*~tactically~*~*~ (hiding).
  7539 | D:6      | Reached skill level 1 in Throwing
  7633 | D:6      | Noticed Menkaure
  7634 | D:6      | 7634 ||| Stepping ~*~*~tactically~*~*~ (hiding).
  7639 | D:6      | 7639 ||| INVOKING Berserk.
  7642 | D:6      | Killed Menkaure
  7772 | D:6      | 7772 ||| INVOKING Berserk.
  8038 | D:6      | 8038 ||| READING scroll labelled TIURPH UGAGOF.
  8165 | D:6      | 8165 ||| READING scroll labelled PATRASOEJU.
  8166 | D:6      | 8166 ||| DRINKING 2 red potions.
  8167 | D:6      | 8167 ||| READING 2 scrolls of identify.
  8167 | D:6      | 8167 ||| IDENTIFYING fuming silvery potion
  8168 | D:6      | 8168 ||| DROPPING potion of lignification.
  8202 | D:7      | 8202 ||| INVOKING Berserk.
  8214 | D:7      | 8214 ||| STAIRDANCE
  8331 | D:7      | 8331 ||| Stepping ~*~*~tactically~*~*~ (hiding).
  8476 | D:7      | Found a staircase to the Ecumenical Temple.
  8515 | D:7      | 8515 ||| INVOKING Berserk.
  8519 | D:7      | Reached skill level 11 in Shields
  8686 | D:7      | 8686 ||| Stepping ~*~*~tactically~*~*~ (hiding).
  8694 | D:7      | 8694 ||| Stepping ~*~*~tactically~*~*~ (stealth).
  8700 | D:7      | Reached skill level 6 in Fighting
  9063 | D:7      | Found a stormy altar of Qazlal.
  9104 | D:7      | 9104 ||| Stepping ~*~*~tactically~*~*~ (stealth).
  9107 | D:7      | 9107 ||| Stepping ~*~*~tactically~*~*~ (stealth).
  9108 | D:7      | 9108 ||| Stepping ~*~*~tactically~*~*~ (stealth).
  9110 | D:7      | 9110 ||| Stepping ~*~*~tactically~*~*~ (stealth).
  9124 | D:7      | 9124 ||| Stepping ~*~*~tactically~*~*~ (stealth).
  9134 | D:7      | 9134 ||| Stepping ~*~*~tactically~*~*~ (stealth).
  9135 | D:7      | 9135 ||| Stepping ~*~*~tactically~*~*~ (stealth).
  9311 | D:7      | 9311 ||| DROPPING amulet of faith.
  9312 | D:7      | 9312 ||| READING scroll labelled FOABON BAYQAM.
  9313 | D:7      | 9313 ||| READING 2 scrolls of identify.
  9313 | D:7      | 9313 ||| IDENTIFYING bubbling red potion
  9446 | D:8      | 9446 ||| INVOKING Berserk.
  9555 | D:8      | 9555 ||| Stepping ~*~*~tactically~*~*~ (hiding).
  9556 | D:8      | 9556 ||| Stepping ~*~*~tactically~*~*~ (hiding).
  9558 | D:8      | 9558 ||| Stepping ~*~*~tactically~*~*~ (hiding).
  9720 | D:8      | 9720 ||| Stepping ~*~*~tactically~*~*~ (stealth).
  9776 | D:8      | 9776 ||| FLEEEEING.
  9777 | D:8      | 9777 ||| FLEEEEING.
  9778 | D:8      | 9778 ||| FLEEEEING.
  9779 | D:8      | 9779 ||| FLEEEEING.
  9780 | D:8      | 9780 ||| Stepping ~*~*~tactically~*~*~ (hiding).
  9781 | D:8      | 9781 ||| Stepping ~*~*~tactically~*~*~ (hiding).
  9785 | D:8      | 9785 ||| INVOKING Berserk.
  9924 | D:8      | Reached XP level 10. HP: 78/83 MP: 6/9
 10056 | D:8      | Found the +9 staff of Wucad Mu {*channel}
 10377 | D:8      | 10377 ||| Stepping ~*~*~tactically~*~*~ (hiding).
 10381 | D:8      | 10381 ||| INVOKING Berserk.
 10389 | D:8      | Reached skill level 12 in Shields
 10891 | D:8      | 10891 ||| DROPPING amulet of magic regeneration.
 10892 | D:8      | 10892 ||| READING 2 scrolls of identify.
 10892 | D:8      | 10892 ||| IDENTIFYING white potion
 10893 | D:8      | 10893 ||| DROPPING potion of brilliance.
 11012 | D:9      | Found a glowing golden altar of the Shining One.
 11014 | D:9      | Found a hide-covered altar of Uskayaw.
 11034 | D:9      | 11034 ||| INVOKING Berserk.
 11238 | D:9      | 11238 ||| INVOKING Berserk.
 11245 | D:9      | Reached skill level 12 in Axes
 11540 | D:9      | 11540 ||| INVOKING Berserk.
 11772 | D:9      | Found a staircase to the Orcish Mines.
 11859 | D:9      | Noticed a two-headed ogre
 11863 | D:9      | 11863 ||| INVOKING Berserk.
 11868 | D:9      | Killed a two-headed ogre
 12164 | D:9      | Reached **** piety under Trog
 12397 | D:9      | 12397 ||| UPGRADING to +4 ring of protection.
 12410 | D:10     | Entered Level 10 of the Dungeon
 12411 | D:10     | Found a staircase to the Lair.
 12411 | D:10     | Noticed Harold
 12412 | D:10     | 12412 ||| Stepping ~*~*~tactically~*~*~ (hiding).
 12417 | D:10     | 12417 ||| INVOKING Berserk.
 12424 | D:10     | Killed Harold
 12434 | D:10     | 12434 ||| STAIRDANCE
 12516 | D:10     | 12516 ||| STAIRDANCE
 12525 | D:10     | 12525 ||| STAIRDANCE
 12534 | D:10     | 12534 ||| STAIRDANCE
 12536 | D:9      | 12536 ||| INVOKING Berserk.
 12649 | D:10     | 12649 ||| STAIRDANCE
 12667 | D:10     | Noticed a two-headed ogre
 12670 | D:10     | 12670 ||| INVOKING Berserk.
 12675 | D:10     | Killed a two-headed ogre
 12676 | D:10     | Reached XP level 11. HP: 93/93 MP: 7/10
 12769 | D:10     | Found a portal to a secret trove of treasure.
 12813 | D:10     | Reached skill level 13 in Shields
 12911 | D:10     | 12911 ||| FLEEEEING.
 12951 | D:10     | 12951 ||| Stepping ~*~*~tactically~*~*~ (hiding).
 12958 | D:10     | 12958 ||| INVOKING Berserk.
 13469 | D:10     | Identified the +4 chain mail of Grot {rF+ rN+ Str-4}
 13505 | D:10     | Identified the +9 falchion of Wongi {vorpal, rElec rN+}
 13698 | D:10     | 13698 ||| PLANNING LAIR
 13713 | Lair:1   | Entered Level 1 of the Lair of Beasts
 13758 | Lair:1   | Identified the amulet "Inorghoo" {Acrobat *Corrode +Blink
                  | Int+4}
 13777 | Lair:1   | Reached skill level 3 in Throwing
 13908 | Lair:1   | 13908 ||| INVOKING Berserk.
 14053 | Lair:1   | Identified the +3 pair of boots of the Land of Plenty
                  | {Rampage rC+ Regen+ Slay-2}
 14201 | Lair:1   | 14201 ||| INVOKING Berserk.
 14356 | Lair:1   | 14356 ||| INVOKING Berserk.
 14694 | Lair:1   | Noticed a boulder beetle
 14698 | Lair:1   | 14698 ||| INVOKING Berserk.
 14704 | Lair:1   | Killed a boulder beetle
 14780 | Lair:1   | Noticed a dire elephant
 14780 | Lair:1   | Noticed a lindwurm
 14800 | Lair:1   | Found a runed translucent door.
 15119 | Lair:1   | 15119 ||| UPGRADING to +3 pair of boots of the Land of
                  | Plenty {Rampage rC+ Regen+ Slay-2}.
 15124 | Lair:1   | 15124 ||| DROPPING amulet "Inorghoo" {Acrobat *Corrode
                  | +Blink Int+4}.
 15125 | Lair:1   | 15125 ||| DROPPING ring of flight.
 15126 | Lair:1   | 15126 ||| READING scroll labelled YNGOCU DYEDWE.
 15127 | Lair:1   | 15127 ||| DROPPING +0 flail.
 15128 | Lair:1   | 15128 ||| READING 2 scrolls of identify.
 15128 | Lair:1   | 15128 ||| IDENTIFYING bubbling white potion
 15185 | Lair:2   | 15185 ||| STAIRDANCE
 15382 | Lair:2   | 15382 ||| INVOKING Berserk.
 15508 | Lair:2   | Noticed an eight-headed hydra
 15511 | Lair:2   | 15511 ||| INVOKING Berserk.
 15516 | Lair:2   | Killed a three-headed hydra
 15517 | Lair:2   | Reached skill level 15 in Axes
 15657 | Lair:2   | Found a staircase to the Shoals.
 15684 | Lair:2   | 15684 ||| INVOKING Berserk.
 15892 | Lair:2   | 15892 ||| Stepping ~*~*~tactically~*~*~ (stealth).
 15903 | Lair:2   | Found a hole to the Spider Nest.
 15912 | Lair:2   | Noticed a boulder beetle
 15916 | Lair:2   | 15916 ||| INVOKING Berserk.
 15920 | Lair:2   | Killed a boulder beetle
 15921 | Lair:2   | Reached skill level 9 in Fighting
 15921 | Lair:2   | Reached XP level 12. HP: 104/104 MP: 11/11
 16080 | Lair:2   | 16080 ||| Stepping ~*~*~tactically~*~*~ (stealth).
 16174 | Lair:2   | Reached skill level 3 in Dodging
 16427 | Lair:2   | 16427 ||| Stepping ~*~*~tactically~*~*~ (stealth).
 16523 | Lair:2   | 16523 ||| UPGRADING to +1 hat.
 16582 | Lair:3   | Noticed a catoblepas
 16585 | Lair:3   | 16585 ||| INVOKING Berserk.
 16591 | Lair:3   | Killed a catoblepas
 16727 | Lair:3   | Reached skill level 14 in Shields
 16833 | Lair:3   | 16833 ||| FLEEEEING.
 16838 | Lair:3   | 16838 ||| FLEEEEING.
 16842 | Lair:3   | 16842 ||| FLEEEEING.
 16845 | Lair:3   | 16845 ||| INVOKING Berserk.
 17607 | Lair:4   | 17607 ||| INVOKING Berserk.
 17616 | Lair:4   | 17616 ||| FLEEEEING.
 17617 | Lair:4   | 17617 ||| FLEEEEING.
 17618 | Lair:4   | 17618 ||| FLEEEEING.
 17619 | Lair:4   | 17619 ||| FLEEEEING.
 17627 | Lair:4   | 17627 ||| FLEEEEING.
 17630 | Lair:4   | 17630 ||| STAIRDANCE
 17734 | Lair:4   | 17734 ||| INVOKING Berserk.
 17744 | Lair:4   | 17744 ||| STAIRDANCE
 17869 | Lair:4   | Noticed a boulder beetle
 17874 | Lair:4   | 17874 ||| INVOKING Berserk.
 17876 | Lair:4   | Killed a boulder beetle
 17983 | Lair:4   | 17983 ||| Stepping ~*~*~tactically~*~*~ (stealth).
 17993 | Lair:4   | 17993 ||| Stepping ~*~*~tactically~*~*~ (stealth).
 18045 | Lair:4   | 18045 ||| INVOKING Berserk.
 18082 | Lair:4   | 18082 ||| FLEEEEING.
 18083 | Lair:4   | 18083 ||| FLEEEEING.
 18124 | Lair:4   | 18124 ||| Stepping ~*~*~tactically~*~*~ (stealth).
 18189 | Lair:4   | 18189 ||| Stepping ~*~*~tactically~*~*~ (stealth).
 18207 | Lair:4   | 18207 ||| FLEEEEING.
 18218 | Lair:4   | 18218 ||| Stepping ~*~*~tactically~*~*~ (stealth).
 18260 | Lair:4   | 18260 ||| INVOKING Berserk.
 18527 | Lair:4   | 18527 ||| INVOKING Berserk.
 18634 | Lair:4   | Found a staircase to the Slime Pits.
 18634 | Lair:4   | Found a viscous altar of Jiyva.
 18662 | Lair:4   | Noticed a boulder beetle
 18666 | Lair:4   | 18666 ||| INVOKING Berserk.
 18672 | Lair:4   | Killed a boulder beetle
 19027 | Lair:4   | 19027 ||| DRINKING 2 potions of cancellation.
 19135 | Lair:5   | Entered Level 5 of the Lair of Beasts
 19135 | Lair:5   | Noticed a seven-headed hydra
 19136 | Lair:5   | 19136 ||| INVOKING Berserk.
 19147 | Lair:5   | Killed a three-headed hydra
 19148 | Lair:5   | Reached skill level 9 in Armour
 19328 | Lair:5   | 19328 ||| INVOKING Berserk.
 19334 | Lair:5   | Noticed a six-headed hydra
 19342 | Lair:5   | Killed a one-headed hydra
 19457 | Lair:5   | 19457 ||| Stepping ~*~*~tactically~*~*~ (stealth).
 19470 | Lair:5   | Noticed a death yak
 19471 | Lair:5   | 19471 ||| Stepping ~*~*~tactically~*~*~ (stealth).
 19472 | Lair:5   | Noticed a death yak
 19474 | Lair:5   | Noticed a death yak
 19474 | Lair:5   | 19474 ||| Stepping ~*~*~tactically~*~*~ (stealth).
 19477 | Lair:5   | 19477 ||| Stepping ~*~*~tactically~*~*~ (stealth).
 19477 | Lair:5   | Noticed a death yak
 19478 | Lair:5   | 19478 ||| Stepping ~*~*~tactically~*~*~ (stealth).
 19479 | Lair:5   | 19479 ||| INVOKING Berserk.
 19483 | Lair:5   | Killed a death yak
 19484 | Lair:5   | Reached skill level 15 in Shields
 19489 | Lair:5   | Killed a death yak
 19496 | Lair:5   | Reached XP level 13. HP: 113/113 MP: 10/12
 19537 | Lair:5   | 19537 ||| Stepping ~*~*~tactically~*~*~ (stealth).
 19541 | Lair:5   | 19541 ||| Stepping ~*~*~tactically~*~*~ (stealth).
 19559 | Lair:5   | 19559 ||| Stepping ~*~*~tactically~*~*~ (stealth).
 19560 | Lair:5   | 19560 ||| INVOKING Berserk.
 19726 | Lair:5   | 19726 ||| Stepping ~*~*~tactically~*~*~ (stealth).
 19728 | Lair:5   | 19728 ||| Stepping ~*~*~tactically~*~*~ (stealth).
 19741 | Lair:5   | 19741 ||| Stepping ~*~*~tactically~*~*~ (hiding).
 19752 | Lair:5   | 19752 ||| Stepping ~*~*~tactically~*~*~ (stealth).
 19753 | Lair:5   | 19753 ||| INVOKING Berserk.
 19785 | Lair:5   | Reached skill level 16 in Shields
 19849 | Lair:5   | 19849 ||| Stepping ~*~*~tactically~*~*~ (stealth).
 19850 | Lair:5   | 19850 ||| Stepping ~*~*~tactically~*~*~ (stealth).
 19853 | Lair:5   | 19853 ||| Stepping ~*~*~tactically~*~*~ (stealth).
 19857 | Lair:5   | 19857 ||| Stepping ~*~*~tactically~*~*~ (hiding).
 19860 | Lair:5   | 19860 ||| Stepping ~*~*~tactically~*~*~ (stealth).
 19884 | Lair:5   | 19884 ||| INVOKING Berserk.
 19889 | Lair:5   | Reached skill level 6 in Throwing
 19954 | Lair:5   | 19954 ||| Stepping ~*~*~tactically~*~*~ (stealth).
 19956 | Lair:5   | 19956 ||| Stepping ~*~*~tactically~*~*~ (stealth).
 19962 | Lair:5   | 19962 ||| Stepping ~*~*~tactically~*~*~ (stealth).
 19965 | Lair:5   | 19965 ||| Stepping ~*~*~tactically~*~*~ (stealth).
 19967 | Lair:5   | 19967 ||| INVOKING Berserk.
 20046 | Lair:5   | 20046 ||| Stepping ~*~*~tactically~*~*~ (stealth).
 20048 | Lair:5   | 20048 ||| Stepping ~*~*~tactically~*~*~ (hiding).
 20072 | Lair:5   | 20072 ||| Stepping ~*~*~tactically~*~*~ (stealth).
 20074 | Lair:5   | Reached ***** piety under Trog
 20084 | Lair:5   | 20084 ||| INVOKING Berserk.
 20088 | Lair:5   | Reached skill level 12 in Fighting
 20102 | Lair:5   | 20102 ||| INVOKING Brothers in Arms.
 20103 | Lair:5   | 20103 ||| INVOKING Brothers in Arms.
 20258 | Lair:5   | Noticed Urug
 20263 | Lair:5   | 20263 ||| INVOKING Berserk.
 20270 | Lair:5   | Killed Urug
 20291 | Lair:5   | 20291 ||| Stepping ~*~*~tactically~*~*~ (stealth).
 20329 | Lair:5   | 20329 ||| READING scroll of enchant weapon.
 20329 | Lair:5   | 20329 ||| ENCHANTING +2 war axe of flaming.
 20349 | Lair:5   | 20349 ||| Stepping ~*~*~tactically~*~*~ (hiding).
 20375 | Lair:5   | 20375 ||| INVOKING Berserk.
 20444 | Lair:5   | 20444 ||| Stepping ~*~*~tactically~*~*~ (stealth).
 20515 | Lair:5   | 20515 ||| Stepping ~*~*~tactically~*~*~ (stealth).
 20530 | Lair:5   | 20530 ||| Stepping ~*~*~tactically~*~*~ (stealth).
 20531 | Lair:5   | 20531 ||| INVOKING Berserk.
 20561 | Lair:5   | 20561 ||| Stepping ~*~*~tactically~*~*~ (stealth).
 20721 | Lair:5   | 20721 ||| Stepping ~*~*~tactically~*~*~ (stealth).
 20735 | Lair:5   | Reached skill level 17 in Shields
 20863 | Lair:5   | 20863 ||| FLEEEEING.
 20864 | Lair:5   | 20864 ||| FLEEEEING.
 20867 | Lair:5   | 20867 ||| FLEEEEING.
 20868 | Lair:5   | 20868 ||| FLEEEEING.
 20870 | Lair:5   | 20870 ||| FLEEEEING.
 20872 | Lair:5   | 20872 ||| FLEEEEING.
 20873 | Lair:5   | 20873 ||| FLEEEEING.
 20874 | Lair:5   | 20874 ||| FLEEEEING.
 20875 | Lair:5   | 20875 ||| FLEEEEING.
 20876 | Lair:5   | 20876 ||| FLEEEEING.
 20877 | Lair:5   | 20877 ||| FLEEEEING.
 20878 | Lair:5   | 20878 ||| FLEEEEING.
 20879 | Lair:5   | 20879 ||| FLEEEEING.
 20880 | Lair:5   | 20880 ||| STAIRDANCE
 20882 | Lair:4   | 20882 ||| READING scroll labelled WATWOU OFUSU.
 20882 | Lair:4   | Identified a scroll of acquirement
 20882 | Lair:4   | 20882 ||| ACQUIRING +1 pair of boots "Gonikibo" {-Cast
                  | rElec Will+}
 20882 | Lair:4   | Acquired the +1 pair of boots "Gonikibo" {-Cast rElec
                  | Will+}
 20886 | Lair:5   | 20886 ||| INVOKING Berserk.
 20894 | Lair:5   | 20894 ||| STAIRDANCE
 21013 | Lair:5   | Reached XP level 14. HP: 126/126 MP: 13/13
 21024 | Lair:5   | 21024 ||| Stepping ~*~*~tactically~*~*~ (stealth).
 21025 | Lair:5   | 21025 ||| Stepping ~*~*~tactically~*~*~ (stealth).
 21027 | Lair:5   | 21027 ||| Stepping ~*~*~tactically~*~*~ (stealth).
 21106 | Lair:5   | 21106 ||| Stepping ~*~*~tactically~*~*~ (stealth).
 21109 | Lair:5   | 21109 ||| INVOKING Berserk.
 21274 | Lair:5   | 21274 ||| Stepping ~*~*~tactically~*~*~ (stealth).
 21401 | Lair:5   | 21401 ||| READING scroll of brand weapon.
 21401 | Lair:5   | 21401 ||| BRANDING +3 war axe of flaming.
 21412 | Lair:5   | 21412 ||| Stepping ~*~*~tactically~*~*~ (stealth).
 21520 | Lair:5   | 21520 ||| Stepping ~*~*~tactically~*~*~ (stealth).
 21522 | Lair:5   | 21522 ||| INVOKING Berserk.
 21873 | Lair:5   | 21873 ||| PLANNING D:1-11
 21873 | Lair:5   | 21873 ||| DROPPING +0 club.
 21874 | Lair:5   | 21874 ||| UPGRADING to +0 plate armour of cold resistance.
 21884 | Lair:5   | 21884 ||| DRINKING 2 bubbling clear potions.
 21885 | Lair:5   | 21885 ||| READING 2 scrolls of identify.
 21885 | Lair:5   | 21885 ||| IDENTIFYING dark potion
 21886 | Lair:5   | 21886 ||| DRINKING potion of experience.
 21886 | Lair:5   | Reached XP level 15. HP: 135/135 MP: 14/14
 21887 | Lair:5   | 21887 ||| DROPPING potion of berserk rage.
 21888 | Lair:5   | 21888 ||| DROPPING potion of degeneration.
 22276 | D:11     | 22276 ||| Stepping ~*~*~tactically~*~*~ (hiding).
 22277 | D:11     | 22277 ||| Stepping ~*~*~tactically~*~*~ (hiding).
 22288 | D:11     | 22288 ||| DRINKING potion of cancellation.
 22306 | D:11     | 22306 ||| Stepping ~*~*~tactically~*~*~ (stealth).
 22313 | D:11     | 22313 ||| Stepping ~*~*~tactically~*~*~ (stealth).
 22315 | D:11     | 22315 ||| Stepping ~*~*~tactically~*~*~ (stealth).
 22412 | D:11     | 22412 ||| Stepping ~*~*~tactically~*~*~ (hiding).
 22637 | D:11     | Noticed Fannar
 22652 | D:11     | Killed Fannar
 22788 | D:11     | 22788 ||| PLANNING D
 22873 | D:12     | 22873 ||| Stepping ~*~*~tactically~*~*~ (hiding).
 22874 | D:12     | 22874 ||| Stepping ~*~*~tactically~*~*~ (hiding).
 22929 | D:12     | Noticed Frances
 22930 | D:12     | 22930 ||| INVOKING Brothers in Arms.
 22934 | D:12     | 22934 ||| INVOKING Berserk.
 22940 | D:12     | Killed Frances
 23229 | D:12     | Noticed Snorg
 23230 | D:12     | 23230 ||| INVOKING Brothers in Arms.
 23236 | D:12     | Killed Snorg
 23267 | D:12     | 23267 ||| INVOKING Brothers in Arms.
 23268 | D:12     | 23268 ||| SWAPPING to +0 flail.
 23269 | D:12     | 23269 ||| INVOKING Berserk.
 23275 | D:12     | 23275 ||| SWAPPING to +3 war axe of freezing.
 23591 | D:12     | 23591 ||| UPGRADING to +0 pair of gloves.
 23652 | D:13     | Noticed Rupert
 23653 | D:13     | 23653 ||| INVOKING Trog's Hand.
 23654 | D:13     | 23654 ||| INVOKING Brothers in Arms.
 23655 | D:13     | 23655 ||| INVOKING Berserk.
 23671 | D:13     | Killed Rupert
 23830 | D:13     | Reached skill level 18 in Shields
 23885 | D:13     | 23885 ||| INVOKING Berserk.
 24109 | D:13     | Reached skill level 6 in Dodging
 24265 | D:13     | 24265 ||| READING scroll of brand weapon.
 24265 | D:13     | 24265 ||| BRANDING +3 war axe of freezing.
 24266 | D:13     | 24266 ||| DROPPING +0 flail.
 24296 | D:13     | 24296 ||| Stepping ~*~*~tactically~*~*~ (stealth).
 24299 | D:13     | 24299 ||| INVOKING Berserk.
 24437 | D:13     | 24437 ||| SWAPPING to +0 broad axe.
 24599 | D:13     | 24599 ||| DROPPING ring of ice.
 24600 | D:13     | 24600 ||| UPGRADING to +4 ring of evasion.
 24602 | D:13     | 24602 ||| DROPPING ring of positive energy.
 24623 | D:14     | Found a gate to the Vaults.
 24624 | D:14     | 24624 ||| INVOKING Brothers in Arms.
 24625 | D:14     | 24625 ||| SWAPPING to +3 war axe of flaming.
 24628 | D:14     | 24628 ||| STAIRDANCE
 24630 | D:13     | 24630 ||| SWAPPING to +0 broad axe.
 24652 | D:14     | 24652 ||| STAIRDANCE
 24683 | D:14     | 24683 ||| STAIRDANCE
 24685 | D:13     | 24685 ||| INVOKING Berserk.
 24702 | D:13     | 24702 ||| INVOKING Brothers in Arms.
 24828 | D:14     | 24828 ||| STAIRDANCE
 24849 | D:14     | 24849 ||| STAIRDANCE
 24898 | D:14     | Found a viscous altar of Jiyva.
 24900 | D:14     | 24900 ||| Stepping ~*~*~tactically~*~*~ (stealth).
 24903 | D:14     | 24903 ||| Stepping ~*~*~tactically~*~*~ (stealth).
 24905 | D:14     | 24905 ||| Stepping ~*~*~tactically~*~*~ (stealth).
 24915 | D:14     | 24915 ||| Stepping ~*~*~tactically~*~*~ (stealth).
 24916 | D:14     | 24916 ||| Stepping ~*~*~tactically~*~*~ (stealth).
 24917 | D:14     | 24917 ||| Stepping ~*~*~tactically~*~*~ (stealth).
 25012 | D:14     | 25012 ||| Stepping ~*~*~tactically~*~*~ (stealth).
 25050 | D:14     | 25050 ||| INVOKING Berserk.
 25077 | D:14     | 25077 ||| Stepping ~*~*~tactically~*~*~ (stealth).
 25078 | D:14     | 25078 ||| Stepping ~*~*~tactically~*~*~ (stealth).
 25210 | D:14     | Identified the +1 chain mail of Hubris {rF++ Str+3 SInv
                  | Stlth-}
 25221 | D:14     | 25221 ||| READING scroll of enchant armour.
 25221 | D:14     | 25221 ||| ENCHANTING +0 pair of gloves.
 25362 | D:14     | Noticed Azrael
 25363 | D:14     | 25363 ||| Stepping ~*~*~tactically~*~*~ (hiding).
 25366 | D:14     | 25366 ||| INVOKING Brothers in Arms.
 25367 | D:14     | 25367 ||| INVOKING Brothers in Arms.
 25368 | D:14     | 25368 ||| INVOKING Berserk.
 25370 | D:14     | Killed Azrael
 25460 | D:14     | Identified the ring "Mianen" {Will+ Str+6}
 25606 | D:14     | 25606 ||| DROPPING +4 chain mail of Grot {rF+ rN+ Str-4}.
 25607 | D:14     | 25607 ||| DROPPING +0 fire dragon scales.
 25608 | D:14     | 25608 ||| UPGRADING to +1 chain mail of Hubris {rF++ Str+3
                  | SInv Stlth-}.
 25618 | D:14     | 25618 ||| UPGRADING to ring "Mianen" {Will+ Str+6}.
 25655 | D:15     | Entered Level 15 of the Dungeon
 25717 | D:15     | 25717 ||| Stepping ~*~*~tactically~*~*~ (stealth).
 25723 | D:15     | 25723 ||| INVOKING Trog's Hand.
 25728 | D:15     | 25728 ||| Stepping ~*~*~tactically~*~*~ (hiding).
 25732 | D:15     | 25732 ||| INVOKING Berserk.
 25736 | D:15     | Reached XP level 16. HP: 147/147 MP: 15/15
 25743 | D:15     | Reached skill level 18 in Axes
 25843 | D:15     | 25843 ||| Stepping ~*~*~tactically~*~*~ (stealth).
 25844 | D:15     | 25844 ||| Stepping ~*~*~tactically~*~*~ (stealth).
 25845 | D:15     | 25845 ||| Stepping ~*~*~tactically~*~*~ (stealth).
 25850 | D:15     | 25850 ||| Stepping ~*~*~tactically~*~*~ (stealth).
 25915 | D:15     | Found a shadowy altar of Dithmenos.
 25962 | D:15     | 25962 ||| Stepping ~*~*~tactically~*~*~ (stealth).
 25963 | D:15     | 25963 ||| Stepping ~*~*~tactically~*~*~ (stealth).
 25965 | D:15     | 25965 ||| Stepping ~*~*~tactically~*~*~ (hiding).
 25966 | D:15     | 25966 ||| Stepping ~*~*~tactically~*~*~ (hiding).
 25977 | D:15     | 25977 ||| READING 6 scrolls of teleportation.
 25981 | D:15     | 25981 ||| Stepping ~*~*~tactically~*~*~ (stealth).
 25982 | D:15     | 25982 ||| Stepping ~*~*~tactically~*~*~ (stealth).
 26046 | D:15     | 26046 ||| READING 5 scrolls of teleportation.
 26235 | D:15     | Reached skill level 15 in Fighting
 26243 | D:15     | Noticed Kirke
 26244 | D:15     | 26244 ||| INVOKING Trog's Hand.
 26245 | D:15     | 26245 ||| INVOKING Brothers in Arms.
 26248 | D:15     | 26248 ||| INVOKING Berserk.
 26249 | D:15     | Killed Kirke
 26430 | D:15     | Found a staircase to the Depths.
 26431 | D:15     | 26431 ||| INVOKING Brothers in Arms.
 26437 | D:15     | 26437 ||| Stepping ~*~*~tactically~*~*~ (water).
 26685 | D:15     | 26685 ||| PLANNING ORC
 26840 | Orc:1    | Entered Level 1 of the Orcish Mines
 26867 | Orc:1    | 26867 ||| Stepping ~*~*~tactically~*~*~ (hiding).
 26869 | Orc:1    | 26869 ||| Stepping ~*~*~tactically~*~*~ (hiding).
 26871 | Orc:1    | 26871 ||| Stepping ~*~*~tactically~*~*~ (hiding).
 26872 | Orc:1    | 26872 ||| Stepping ~*~*~tactically~*~*~ (hiding).
 26883 | Orc:1    | 26883 ||| Stepping ~*~*~tactically~*~*~ (stealth).
 26890 | Orc:1    | 26890 ||| Stepping ~*~*~tactically~*~*~ (stealth).
 26906 | Orc:1    | 26906 ||| Stepping ~*~*~tactically~*~*~ (stealth).
 27072 | Orc:2    | Entered Level 2 of the Orcish Mines
 27217 | Orc:2    | 27217 ||| Stepping ~*~*~tactically~*~*~ (hiding).
 27227 | Orc:2    | 27227 ||| INVOKING Berserk.
 27265 | Orc:2    | 27265 ||| Stepping ~*~*~tactically~*~*~ (hiding).
 27269 | Orc:2    | 27269 ||| Stepping ~*~*~tactically~*~*~ (stealth).
 27296 | Orc:2    | 27296 ||| Stepping ~*~*~tactically~*~*~ (stealth).
 27297 | Orc:2    | 27297 ||| Stepping ~*~*~tactically~*~*~ (stealth).
 27312 | Orc:2    | 27312 ||| Stepping ~*~*~tactically~*~*~ (hiding).
 27316 | Orc:2    | 27316 ||| INVOKING Berserk.
 27415 | Orc:2    | 27415 ||| Stepping ~*~*~tactically~*~*~ (stealth).
 27438 | Orc:2    | 27438 ||| Stepping ~*~*~tactically~*~*~ (stealth).
 27439 | Orc:2    | 27439 ||| Stepping ~*~*~tactically~*~*~ (stealth).
 27500 | Orc:2    | Found Wymm's Armour Shop.
 27500 | Orc:2    | Found Tahez's Distillery.
 27505 | Orc:2    | 27505 ||| BUYING +15 Maxwell's patent armour {-Cast -Tele
                  | rElec Will+ rCorr} (1489 gold).
 27505 | Orc:2    | Bought the +15 Maxwell's patent armour {-Cast -Tele rElec
                  | Will+ rCorr} for 1489 gold pieces
 27505 | Orc:2    | Found the +15 Maxwell's patent armour {-Cast -Tele rElec
                  | Will+ rCorr}
 27505 | Orc:2    | 27505 ||| BUYING +2 hat (224 gold).
 27505 | Orc:2    | Bought a +2 hat for 224 gold pieces
 27514 | Orc:2    | 27514 ||| BUYING potion of haste (140 gold).
 27514 | Orc:2    | Bought a potion of haste for 140 gold pieces
 27514 | Orc:2    | 27514 ||| BUYING potion of heal wounds (70 gold).
 27514 | Orc:2    | Bought a potion of heal wounds for 70 gold pieces
 27514 | Orc:2    | 27514 ||| SHOPLISTING potion of might (56 gold, have 49).
 27520 | Orc:2    | 27520 ||| Stepping ~*~*~tactically~*~*~ (stealth).
 27572 | Orc:2    | 27572 ||| INVOKING Trog's Hand.
 27578 | Orc:2    | 27578 ||| INVOKING Berserk.
 27625 | Orc:2    | 27625 ||| FLEEEEING.
 27626 | Orc:2    | 27626 ||| FLEEEEING.
 27627 | Orc:2    | 27627 ||| FLEEEEING.
 27628 | Orc:2    | 27628 ||| FLEEEEING.
 27629 | Orc:2    | 27629 ||| FLEEEEING.
 27630 | Orc:2    | 27630 ||| FLEEEEING.
 27631 | Orc:2    | 27631 ||| FLEEEEING.
 27632 | Orc:2    | 27632 ||| FLEEEEING.
 27633 | Orc:2    | 27633 ||| FLEEEEING.
 27634 | Orc:2    | 27634 ||| INVOKING Berserk.
 27641 | Orc:2    | 27641 ||| Stepping ~*~*~tactically~*~*~ (stealth).
 27774 | Orc:2    | 27774 ||| INVOKING Trog's Hand.
 27776 | Orc:2    | 27776 ||| INVOKING Berserk.
 27867 | Orc:2    | Found a staircase to the Elven Halls.
 27954 | Orc:2    | 27954 ||| Stepping ~*~*~tactically~*~*~ (stealth).
 27957 | Orc:2    | 27957 ||| Stepping ~*~*~tactically~*~*~ (hiding).
 27988 | Orc:2    | Found Dimijox's General Store.
 27996 | Orc:2    | 27996 ||| INVOKING Berserk.
 28124 | Orc:2    | Found Qoadont's Armour Emporium.
 28128 | Orc:2    | 28128 ||| INVOKING Berserk.
 28328 | Orc:2    | 28328 ||| Stepping ~*~*~tactically~*~*~ (hiding).
 28496 | Orc:2    | 28496 ||| UPGRADING to +2 hat.
 28506 | Orc:2    | 28506 ||| DROPPING +1 hat.
 28684 | Orc:1    | 28684 ||| Stepping ~*~*~tactically~*~*~ (stealth).
 28755 | Orc:1    | 28755 ||| PLANNING SHOALS:1-3
 28898 | Shoals:1 | Entered Level 1 of the Shoals
 28898 | Shoals:1 | Noticed Josephine
 28903 | Shoals:1 | 28903 ||| Stepping ~*~*~tactically~*~*~ (water).
 28910 | Shoals:1 | Killed Josephine
 28914 | Shoals:1 | 28914 ||| Stepping ~*~*~tactically~*~*~ (water).
 29090 | Shoals:1 | 29090 ||| INVOKING Berserk.
 29239 | Shoals:1 | 29239 ||| Stepping ~*~*~tactically~*~*~ (hiding).
 29248 | Shoals:1 | 29248 ||| Stepping ~*~*~tactically~*~*~ (hiding).
 29249 | Shoals:1 | 29249 ||| Stepping ~*~*~tactically~*~*~ (hiding).
 29453 | Shoals:1 | 29453 ||| Stepping ~*~*~tactically~*~*~ (water).
 29465 | Shoals:1 | Reached skill level 19 in Shields
 29705 | Shoals:1 | 29705 ||| Stepping ~*~*~tactically~*~*~ (hiding).
 29706 | Shoals:1 | 29706 ||| Stepping ~*~*~tactically~*~*~ (hiding).
 29721 | Shoals:1 | Received a gift from Trog
 30094 | Shoals:2 | 30094 ||| Stepping ~*~*~tactically~*~*~ (hiding).
 30095 | Shoals:2 | 30095 ||| Stepping ~*~*~tactically~*~*~ (hiding).
 30099 | Shoals:2 | Reached skill level 9 in Dodging
 30108 | Shoals:2 | 30108 ||| Stepping ~*~*~tactically~*~*~ (stealth).
 30124 | Shoals:2 | 30124 ||| Stepping ~*~*~tactically~*~*~ (hiding).
 30170 | Shoals:2 | 30170 ||| INVOKING Trog's Hand.
 30171 | Shoals:2 | 30171 ||| INVOKING Brothers in Arms.
 30176 | Shoals:2 | 30176 ||| INVOKING Berserk.
 30433 | Shoals:2 | 30433 ||| INVOKING Berserk.
 30452 | Shoals:2 | 30452 ||| INVOKING Trog's Hand.
 30453 | Shoals:2 | 30453 ||| INVOKING Brothers in Arms.
 30536 | Shoals:2 | Identified the +6 morningstar of Royalism {venom, Str+3
                  | Dex+4}
 30555 | Shoals:2 | 30555 ||| Stepping ~*~*~tactically~*~*~ (stealth).
 30559 | Shoals:2 | 30559 ||| FLEEEEING.
 30560 | Shoals:2 | 30560 ||| FLEEEEING.
 30561 | Shoals:2 | 30561 ||| FLEEEEING.
 30562 | Shoals:2 | 30562 ||| FLEEEEING.
 30563 | Shoals:2 | 30563 ||| FLEEEEING.
 30564 | Shoals:2 | 30564 ||| FLEEEEING.
 30567 | Shoals:2 | 30567 ||| Stepping ~*~*~tactically~*~*~ (water).
 30780 | Shoals:2 | Noticed a kraken
 30793 | Shoals:2 | Killed a kraken
 30847 | Shoals:3 | 30847 ||| INVOKING Brothers in Arms.
 30849 | Shoals:3 | 30849 ||| INVOKING Berserk.
 30968 | Shoals:3 | Reached XP level 17. HP: 161/161 MP: 16/16
 30975 | Shoals:3 | 30975 ||| INVOKING Brothers in Arms.
 30976 | Shoals:3 | 30976 ||| INVOKING Brothers in Arms.
 30977 | Shoals:3 | 30977 ||| INVOKING Berserk.
 30999 | Shoals:3 | 30999 ||| INVOKING Brothers in Arms.
 31100 | Shoals:3 | 31100 ||| Stepping ~*~*~tactically~*~*~ (hiding).
 31249 | Shoals:3 | Found Losuic's Antique Weapon Shoppe.
 31273 | Shoals:3 | 31273 ||| Stepping ~*~*~tactically~*~*~ (water).
 31402 | Shoals:3 | 31402 ||| INVOKING Trog's Hand.
 31403 | Shoals:3 | 31403 ||| INVOKING Brothers in Arms.
 31407 | Shoals:3 | 31407 ||| INVOKING Brothers in Arms.
 31420 | Shoals:3 | 31420 ||| INVOKING Berserk.
 31533 | Shoals:3 | 31533 ||| READING scroll of enchant armour.
 31533 | Shoals:3 | 31533 ||| ENCHANTING +1 pair of gloves.
 31629 | Shoals:3 | 31629 ||| Stepping ~*~*~tactically~*~*~ (hiding).
 31632 | Shoals:3 | 31632 ||| Stepping ~*~*~tactically~*~*~ (hiding).
 31647 | Shoals:3 | 31647 ||| INVOKING Trog's Hand.
 31656 | Shoals:3 | 31656 ||| INVOKING Trog's Hand.
 31670 | Shoals:3 | 31670 ||| FLEEEEING.
 31671 | Shoals:3 | 31671 ||| FLEEEEING.
 31672 | Shoals:3 | 31672 ||| FLEEEEING.
 31673 | Shoals:3 | 31673 ||| Stepping ~*~*~tactically~*~*~ (hiding).
 31674 | Shoals:3 | 31674 ||| FLEEEEING.
 31675 | Shoals:3 | 31675 ||| FLEEEEING.
 31676 | Shoals:3 | 31676 ||| FLEEEEING.
 31677 | Shoals:3 | 31677 ||| FLEEEEING.
 31678 | Shoals:3 | 31678 ||| FLEEEEING.
 31679 | Shoals:3 | 31679 ||| FLEEEEING.
 31680 | Shoals:3 | 31680 ||| FLEEEEING.
 31684 | Shoals:3 | 31684 ||| STAIRDANCE
 31730 | Shoals:2 | 31730 ||| DROPPING ring of willpower.
 31739 | Shoals:3 | 31739 ||| Stepping ~*~*~tactically~*~*~ (hiding).
 31741 | Shoals:3 | 31741 ||| Stepping ~*~*~tactically~*~*~ (hiding).
 31744 | Shoals:3 | 31744 ||| INVOKING Trog's Hand.
 31831 | Shoals:3 | 31831 ||| PLANNING SPIDER:1-3
 31909 | Spider:1 | Entered Level 1 of the Spider Nest
 31914 | Spider:1 | Reached skill level 18 in Fighting
 32067 | Spider:1 | 32067 ||| Stepping ~*~*~tactically~*~*~ (stealth).
 32102 | Spider:1 | Found a runed translucent gate.
 32102 | Spider:1 | Found a runed translucent gate.
 32102 | Spider:1 | Found a runed translucent gate.
 32102 | Spider:1 | Noticed qw's ghost (adept MiBe)
 32223 | Spider:1 | 32223 ||| INVOKING Brothers in Arms.
 32224 | Spider:1 | 32224 ||| INVOKING Brothers in Arms.
 32239 | Spider:1 | 32239 ||| DRINKING 16 potions of curing.
 32239 | Spider:1 | 32239 ||| (to cure confusion)
 32344 | Spider:1 | 32344 ||| Stepping ~*~*~tactically~*~*~ (stealth).
 32486 | Spider:1 | 32486 ||| Stepping ~*~*~tactically~*~*~ (stealth).
 32487 | Spider:1 | 32487 ||| Stepping ~*~*~tactically~*~*~ (stealth).
 32517 | Spider:1 | 32517 ||| INVOKING Berserk.
 32871 | Spider:1 | 32871 ||| Stepping ~*~*~tactically~*~*~ (hiding).
 32965 | Spider:1 | 32965 ||| INVOKING Brothers in Arms.
 32969 | Spider:1 | Reached skill level 20 in Shields
 33258 | Spider:2 | 33258 ||| Stepping ~*~*~tactically~*~*~ (hiding).
 33260 | Spider:2 | 33260 ||| INVOKING Berserk.
 33286 | Spider:2 | 33286 ||| FLEEEEING.
 33287 | Spider:2 | 33287 ||| STAIRDANCE
 33479 | Spider:2 | 33479 ||| INVOKING Berserk.
 33593 | Spider:2 | Identified the +10 arbalest of Utygg {venom, rPois Int+10
                  | Dex-4 Stlth-}
 33666 | Spider:2 | Reached skill level 9 in Throwing
 33728 | Spider:2 | 33728 ||| INVOKING Berserk.
 33971 | Spider:2 | 33971 ||| Stepping ~*~*~tactically~*~*~ (hiding).
 33973 | Spider:2 | 33973 ||| Stepping ~*~*~tactically~*~*~ (hiding).
 34013 | Spider:2 | Identified the +7 trident of Eternal Vigilance {flame, rN+
                  | Will+ Str-5 SInv}
 34458 | Spider:2 | 34458 ||| Stepping ~*~*~tactically~*~*~ (stealth).
 34460 | Spider:2 | 34460 ||| Stepping ~*~*~tactically~*~*~ (hiding).
 34480 | Spider:2 | 34480 ||| INVOKING Brothers in Arms.
 34581 | Spider:2 | 34581 ||| INVOKING Brothers in Arms.
 34605 | Spider:2 | 34605 ||| INVOKING Berserk.
 35101 | Spider:3 | Identified the +8 spear of Reapportionment {drain, Fragile
                  | rElec Str+6}
 35109 | Spider:3 | 35109 ||| Stepping ~*~*~tactically~*~*~ (stealth).
 35122 | Spider:3 | 35122 ||| FLEEEEING.
 35123 | Spider:3 | 35123 ||| FLEEEEING.
 35124 | Spider:3 | 35124 ||| FLEEEEING.
 35125 | Spider:3 | 35125 ||| FLEEEEING.
 35126 | Spider:3 | 35126 ||| FLEEEEING.
 35127 | Spider:3 | 35127 ||| FLEEEEING.
 35128 | Spider:3 | 35128 ||| FLEEEEING.
 35129 | Spider:3 | 35129 ||| FLEEEEING.
 35145 | Spider:3 | Paralysed by a jorogumo for 1 turns
 35170 | Spider:3 | 35170 ||| Stepping ~*~*~tactically~*~*~ (stealth).
 35174 | Spider:3 | 35174 ||| FLEEEEING.
 35175 | Spider:3 | 35175 ||| FLEEEEING.
 35176 | Spider:3 | 35176 ||| FLEEEEING.
 35177 | Spider:3 | 35177 ||| FLEEEEING.
 35178 | Spider:3 | 35178 ||| FLEEEEING.
 35179 | Spider:3 | 35179 ||| FLEEEEING.
 35180 | Spider:3 | 35180 ||| FLEEEEING.
 35181 | Spider:3 | 35181 ||| STAIRDANCE
 35219 | Spider:3 | 35219 ||| STAIRDANCE
 35246 | Spider:3 | 35246 ||| Stepping ~*~*~tactically~*~*~ (stealth).
 35248 | Spider:3 | 35248 ||| Stepping ~*~*~tactically~*~*~ (hiding).
 35249 | Spider:3 | 35249 ||| Stepping ~*~*~tactically~*~*~ (stealth).
 35279 | Spider:3 | 35279 ||| Stepping ~*~*~tactically~*~*~ (stealth).
 35392 | Spider:3 | 35392 ||| Stepping ~*~*~tactically~*~*~ (stealth).
 35394 | Spider:3 | 35394 ||| Stepping ~*~*~tactically~*~*~ (hiding).
 35495 | Spider:3 | Noticed Agnes
 35496 | Spider:3 | 35496 ||| Stepping ~*~*~tactically~*~*~ (stealth).
 35498 | Spider:3 | 35498 ||| Stepping ~*~*~tactically~*~*~ (stealth).
 35501 | Spider:3 | 35501 ||| Stepping ~*~*~tactically~*~*~ (stealth).
 35502 | Spider:3 | 35502 ||| Stepping ~*~*~tactically~*~*~ (stealth).
 35509 | Spider:3 | 35509 ||| DRINKING 2 potions of resistance.
 35531 | Spider:3 | 35531 ||| Stepping ~*~*~tactically~*~*~ (stealth).
 35540 | Spider:3 | 35540 ||| INVOKING Brothers in Arms.
 35542 | Spider:3 | 35542 ||| INVOKING Berserk.
 35548 | Spider:3 | Killed Agnes
 36102 | Spider:3 | 36102 ||| PLANNING SHOALS:4
 36285 | Shoals:4 | Entered Level 4 of the Shoals
 36289 | Shoals:4 | Noticed Mara
 36292 | Shoals:4 | 36292 ||| INVOKING Berserk.
 36296 | Shoals:4 | Reached skill level 15 in Armour
 36298 | Shoals:4 | Paralysed by an air elemental for 1 turns
 36310 | Shoals:4 | Noticed qw's illusion
 36326 | Shoals:4 | Killed Mara
 36327 | Shoals:4 | Reached XP level 18. HP: 108/172 MP: 9/17
 36374 | Shoals:4 | 36374 ||| DROPPING +3 war axe of flaming.
 36395 | Shoals:4 | Paralysed by an air elemental for 1 turns
 36401 | Shoals:4 | 36401 ||| INVOKING Berserk.
 36428 | Shoals:4 | 36428 ||| INVOKING Brothers in Arms.
 36435 | Shoals:4 | HP: 42/176 [merfolk impaler/+6 trident (7)]
 36436 | Shoals:4 | 36436 ||| READING 5 scrolls of teleportation.
 36437 | Shoals:4 | 36437 ||| DRINKING 4 potions of heal wounds.
 36438 | Shoals:4 | 36438 ||| Stepping ~*~*~tactically~*~*~ (water).
 36440 | Shoals:4 | 36440 ||| Stepping ~*~*~tactically~*~*~ (water).
 36440 | Shoals:4 | Found the necklace of Bloodlust {*Rage Will++ Int-3 Slay+6}
 36440 | Shoals:4 | HP: 42/176 [merfolk javelineer/silver javelin (7)]
 36441 | Shoals:4 | 36441 ||| READING 4 scrolls of teleportation.
 36442 | Shoals:4 | 36442 ||| DRINKING 3 potions of heal wounds.
 36443 | Shoals:4 | 36443 ||| DRINKING 2 potions of heal wounds.
 36446 | Shoals:4 | Paralysed by an air elemental for 1 turns
 36446 | Shoals:4 | HP: 43/176 [air elemental/stunning burst (10)]
 36448 | Shoals:4 | 36448 ||| READING 3 scrolls of teleportation.
 36451 | Shoals:4 | 36451 ||| DRINKING potion of heal wounds.
 36451 | Shoals:4 | Paralysed by an air elemental for 1 turns
 36451 | Shoals:4 | HP: 43/176 [drowned by a water nymph (11)]
 36452 | Shoals:4 | 36452 ||| INVOKING Berserk.
 36457 | Shoals:4 | HP: 47/264 [merfolk javelineer/silver javelin (9)]
 36462 | Shoals:4 | HP: 35/264 [merfolk javelineer/silver javelin (1)]
 36466 | Shoals:4 | HP: 16/264 [merfolk/+0 trident[a merfolk javelineer] (5)]
 36468 | Shoals:4 | HP: 1/264 [merfolk impaler/+0 antimagic trident (7)]
 36469 | Shoals:4 | Hit by a javelin thrown by a merfolk javelineer

Levels and vault maps discovered:
D:1:      evilmike_arrival_crescent, layout_basic,
          chequers_ecumenical_altar_island, columned_hall_lemuel
D:2:      layout_loops_ring, ebering_dispersal_statue_hall, minmay_lizard_pond,
          uniq_natasha
D:3:      due_chaos_kobolds, layout_basic
D:4:      layout_basic, hangedman_decor_lopped
D:5:      layout_loops_corners, kennysheep_cross_room, fountainhead,
          saegor_snake_ambush, uniq_duvessa, uniq_pikel, uniq_grinder
D:6:      layout_gridville, nicolae_overflow_crystal_walls,
          minmay_fractal_squares_gapless_5, uniq_menkaure
D:7:      layout_basic, grunt_qazlal_sundering, minmay_temple_entry_offerings
D:8:      layout_layer_cave
D:9:      layout_stronghold, minitemple, minmay_orc_entry_temple_small
D:10:     layout_basic, lair_entry_dummy, enter_trove_0, uniq_harold
D:11:     layout_grid_maze, uniq_fannar
D:12:     layout_small_grid, uniq_snorg, uniq_frances
D:13:     layout_roguey, uniq_rupert
D:14:     layout_rooms, david_vaults_3, minmay_variable_closet, jiyva_altar_1,
          uniq_azrael
D:15:     hangedman_depths_entry_try_elsewhere_first, layout_irregular_city,
          solitary_fountain, palyth_stone_intersect,
          nicolae_kite_square_tiling_tiny, nicolae_dithmenos_shadow_blocks,
          uniq_kirke
Lair:1:   gammafunk_lair_enchanted_lake, layout_small_grid,
          grunt_forest_small_clearings
Lair:2:   layout_regular_city, minmay_shoals_entry_lonely_mermaid,
          nicolae_spider_entry_non_spiders, chequers_serial_rivers_micro_c,
          infiniplex_staircase_pool_2, lemuel_fruit_fields
Lair:3:   layout_regular_city, serial_bayou_lake_a
Lair:4:   layout_regular_city, nicolae_slime_entry_slimehenge
Lair:5:   hangedman_lair_tendril_chambers, layout_loops_ring,
          hangedman_lair_caniforms_friends, serial_rivers,
          chequers_serial_rivers_small_a, chequers_serial_rivers_micro_b,
          chequers_serial_rivers_micro_d, chequers_serial_rivers_small_3,
          chequers_serial_rivers_micro_d, chequers_serial_rivers_large_b,
          uniq_urug
Shoals:1: layout_shoals, uniq_josephine
Shoals:2: layout_shoals, nicolae_shoals_dead_sea_scrolls
Shoals:3: layout_shoals, serial_shops, shop
Shoals:4: shoals_end_hellmonk_storm_palace [storm_palace_center_circular,
          storm_palace_corner_pillars, storm_palace_corner_blocked,
          storm_palace_corner_reverse_hut, storm_palace_corner_reverse_hut],
          uniq_mara
Spider:1: layout_chambers, ebering_ghost_rock_garden
Spider:2: layout_chambers
Spider:3: layout_spider_delve, uniq_agnes
Orc:1:    layout_diamond_mine
Orc:2:    st_orc_town, layout_caves

Skill      XL: |  1  2  3  4  5  6  7  8  9 10 11 12 13 14 15 16 17 |
---------------+----------------------------------------------------+-----
Axes           | 4 5 6 7 9 11 13 15 16 17 18 | 18.0
Shields        | 1 2 4 6 8 10 11 12 13 15 17 18 19 20 | 20.3
Armour         | 3 4 5 7 9 11 13 15 | 15.0
Fighting       | 4 6 7 9 10 12 13 14 17 19 | 19.3
Throwing       | 1 4 5 6 8 9 |  9.0
Dodging        | 3 5 6 9 10 | 10.0

Action                   |  1- 3 |  4- 6 |  7- 9 | 10-12 | 13-15 | 16-18 || total
-------------------------+-------+-------+-------+-------+-------+-------++-------
Melee: Hand axe          |    80 |   134 |   110 |       |       |       ||   324
       Headbutt          |    17 |    20 |    40 |    83 |   162 |   287 ||   609
       War axe           |       |       |   186 |   419 |   629 |       ||  1234
       Broad axe         |       |       |       |       |   147 |  1279 ||  1426
       Flail             |       |       |       |       |     2 |       ||     2
Throw: Boomerang         |       |       |    34 |    54 |    40 |    21 ||   149
       Javelin           |       |       |       |    65 |    95 |   123 ||   283
Invok: Berserk           |     2 |     6 |    13 |    29 |    20 |    23 ||    93
       Trog's Hand       |       |       |     1 |       |     2 |     9 ||    12
       Brothers in Arms  |       |       |       |       |     8 |    15 ||    23
  Use: Scroll            |     5 |     6 |    13 |     3 |     6 |     6 ||    39
       Potion            |       |     1 |     1 |     1 |     3 |     6 ||    12
 Stab: Distracted        |       |       |       |       |     2 |     2 ||     4
Armor: Animal skin       |    19 |     2 |       |       |       |       ||    21
       Plate armour      |       |    71 |    89 |   138 |   315 |       ||   613
       Chain mail        |       |       |       |       |       |   499 ||   499
Dodge: Dodged            |    40 |    25 |    31 |    54 |   171 |   362 ||   683
Block: Buckler           |     4 |     4 |       |       |       |       ||     8
       Tower shield      |       |    63 |   189 |   286 |   705 |  1248 ||  2491

Table legend:
 A = Non-vault XP
 B = Vault XP
 C = Vault XP percentage of total XP
 D = Non-vault monster count
 E = Vault monster count
 F = Vault count percentage of total count
                 A         B        C        D         E       F
            +---------+---------+-------+---------+---------+-------
      Total |  192799 |   62446 |  24.5 |     731 |     251 |  25.6
            +---------+---------+-------+---------+---------+-------
        D:1 |      48 |       0 |   0.0 |      28 |       0 |   0.0
        D:2 |      62 |      40 |  39.2 |      18 |       5 |  21.7
        D:3 |      34 |       0 |   0.0 |      14 |       0 |   0.0
        D:4 |     692 |       0 |   0.0 |      28 |       0 |   0.0
        D:5 |     572 |    1138 |  66.5 |      22 |       5 |  18.5
        D:6 |     704 |     426 |  37.7 |      21 |       5 |  19.2
        D:7 |    1307 |       0 |   0.0 |      31 |       0 |   0.0
        D:8 |     856 |       0 |   0.0 |      15 |       0 |   0.0
        D:9 |    3107 |     165 |   5.0 |      22 |       8 |  26.7
       D:10 |    2778 |     889 |  24.2 |      17 |       1 |   5.6
       D:11 |    2694 |     878 |  24.6 |      18 |       1 |   5.3
       D:12 |    3759 |    2400 |  39.0 |      19 |       2 |   9.5
       D:13 |   10905 |    6556 |  37.5 |      29 |      19 |  39.6
       D:14 |    4978 |    3552 |  41.6 |      10 |      12 |  54.5
       D:15 |   12057 |    3329 |  21.6 |      24 |       6 |  20.0
     Lair:1 |    3894 |    1528 |  28.2 |      16 |       4 |  20.0
     Lair:2 |    2835 |    1605 |  36.1 |      13 |       9 |  40.9
     Lair:3 |    2813 |       0 |   0.0 |      10 |       0 |   0.0
     Lair:4 |    6814 |     164 |   2.4 |      25 |       5 |  16.7
     Lair:5 |   19835 |   21268 |  51.7 |      52 |      94 |  64.4
   Shoals:1 |   14817 |    1983 |  11.8 |      31 |       6 |  16.2
   Shoals:2 |   17294 |       0 |   0.0 |      33 |       0 |   0.0
   Shoals:3 |   18038 |       0 |   0.0 |      35 |       0 |   0.0
   Shoals:4 |    5159 |    7926 |  60.6 |      10 |      13 |  56.5
   Spider:1 |   13871 |       0 |   0.0 |      42 |       0 |   0.0
   Spider:2 |   22566 |       0 |   0.0 |      49 |       0 |   0.0
   Spider:3 |   13764 |    1343 |   8.9 |      36 |       1 |   2.7
      Orc:1 |    3525 |       0 |   0.0 |      41 |       0 |   0.0
      Orc:2 |    3021 |    7256 |  70.6 |      22 |      55 |  71.4
            +---------+---------+-------+---------+---------+-------
